 Dungeon Crawl Stone Soup version 0.27.1-1-g398f81649c (webtiles) character file.

Game seed: 881240136131845515

515 speeev33 the Skirmisher (level 7, 0/62 HPs)
             Began as a Hill Orc Fighter on Sept 12, 2021.
             Slain by a scorpion (2 damage)
             ... on level 5 of the Dungeon.
             The game lasted 00:07:01 (4028 turns).

speeev33 the Skirmisher (Hill Orc Fighter)          Turns: 4028, Time: 00:07:02

Health: 0/62       AC: 11    Str: 21    XL:     7   Next: 20%
Magic:  0/7        EV:  6    Int:  8    God:
Gold:   226        SH: 10    Dex: 16    Spells: 6/6 levels left

rFire    . . .     SeeInvis .   a - +1 war axe
rCold    . . .     Faith    .   c - +0 kite shield
rNeg     . . .     Spirit   +   h - +0 chain mail
rPois    .         Reflect  .   (no helmet)
rElec    .         Harm     .   (no cloak)
rCorr    .         Rampage  +   (no gloves)
Will     .....                  e - +0 pair of boots {rampage}
Stlth    ..........             n - amulet of guardian spirit
HPRegen  0.20/turn              j - +6 ring of dexterity
MPRegen  0.10/turn              (no ring)

@: lethally poisoned (0 -> -15), lit by a corona, glowing
A: no striking features
a: no special abilities


You were on level 5 of the Dungeon.
You visited 2 branches of the dungeon, and saw 6 of its levels.

You collected 226 gold pieces.

Inventory:

Hand Weapons
 a - a +1 war axe (weapon)
Armour
 c - a +0 kite shield (worn)
 e - a +0 pair of boots of rampaging (worn)
 h - a +0 chain mail (worn)
Jewellery
 j - a +6 ring of dexterity (left hand)
 n - an amulet of guardian spirit (around neck)
Wands
 i - a wand of acid (7)
Scrolls
 k - a scroll of fear
 q - 2 scrolls of teleportation
Potions
 b - 3 potions of curing
 d - a potion of might
 f - a potion of berserk rage
 g - a potion of heal wounds {unknown}
 l - a potion of degeneration {unknown}
 m - 2 potions of invisibility {unknown}
 o - a potion of brilliance {unknown}
 p - a potion of flight {unknown}


   Skills:
 + Level 5.7 Fighting
 + Level 5.4 Axes
 + Level 5.1 Armour
 + Level 5.2 Shields


You had 6 spell levels left.
You didn't know any spells.
Your spell library was empty.

Dungeon Overview and Level Annotations

Branches:
Dungeon (5/15)             Temple (1/1) D:4

Altars:
Ashenzari
Cheibriados
Dithmenos
Elyvilon
Fedhas
Gozag
Hepliaklqana
Kikubaaqudgha
Makhleb
Nemelex Xobeh
Qazlal
Ru
Sif Muna
Trog
Uskayaw
Vehumet
Wu Jian
Yredelemnul
The Shining One

Shops:
D:5 [


Message History

You hit the scorpion.
The scorpion is lightly wounded.
You slash the gnoll!
You feel sick.
The scorpion stings you but does no damage.
The scorpion stings you.
You barely miss the scorpion.
The scorpion is lightly wounded.
You closely miss the gnoll. You hit the gnoll.
You feel sick. The scorpion barely misses you. You block the gnoll's attack.
The gnoll hits you with a +0 club.
You barely miss the scorpion.
The scorpion is lightly wounded.
You closely miss the gnoll. You barely miss the gnoll.
You feel sick.
You are no longer poisoned.
You block the scorpion's attack. You block the gnoll's attack.
The gnoll closely misses you. The scorpion stings you.
* * * LOW HITPOINT WARNING * * *
You are poisoned.
The scorpion poisons you! The gnoll hits you but does no damage.
You closely miss the scorpion.
The scorpion is lightly wounded.
You barely miss the gnoll. You hit the gnoll.
You feel very sick. The scorpion stings you.
* * * LOW HITPOINT WARNING * * *
You are lethally poisoned!
The scorpion poisons you! You block the gnoll's attack.
The gnoll hits you with a +0 flail.
* * * LOW HITPOINT WARNING * * *
The scorpion stings you but does no damage.
You block the gnoll's attack.
You barely miss the scorpion.
The scorpion is lightly wounded.
You hit the gnoll but do no damage. x2
* * * LOW HITPOINT WARNING * * *
You feel very sick. You block the gnoll's attack.
The scorpion stings you but does no damage.
The gnoll hits you but does no damage. The scorpion stings you.
You die...

###.......##.
(... #......##
#... ##......## .
###. ###........#
... #.
##..........#....
#.
#................
#..
##.....#.........
#..
##...###........
#...
###..g@##......
##..
##.g#s....... ..#
#....g##.#.## ..
##.......... ..
##..##....# ..
#...####.# ..
#...# . .. ##..#
.. #...# .#


You could see a scorpion and 3 gnolls.

Vanquished Creatures
  An ice beast (D:3)
  A phantom (D:4)
  2 scorpions
  A howler monkey (D:3)
  A hound (D:4)
  5 gnolls
  4 adders
  A worm (D:3)
  A dart slug (D:3)
  2 orcs (D:3)
  6 bats
  2 endoplasms (D:1)
  4 giant cockroaches
  10 hobgoblins
  11 jackals
  7 kobolds
  2 quokkas (D:1)
  7 ball pythons
  2 frilled lizards
  6 goblins
76 creatures vanquished.

Notes
Turn   | Place    | Note
-------+----------+-------------------------------------------
     0 | D:1      | speeev33 the Hill Orc Fighter began the quest for the Orb.
     0 | D:1      | Reached XP level 1. HP: 19/19 MP: 1/1
   228 | D:1      | Reached XP level 2. HP: 14/27 MP: 2/2
   455 | D:1      | Reached XP level 3. HP: 31/33 MP: 3/3
   919 | D:1      | Identified a scroll of acquirement
   919 | D:1      | Acquired a +0 pair of boots of rampaging
  1308 | D:2      | Found a faded altar of an unknown god.
  2029 | D:3      | Reached XP level 4. HP: 36/40 MP: 4/4
  2328 | D:3      | Found an opulent altar of Gozag.
  2511 | D:3      | Noticed an ice beast
  2524 | D:3      | Killed an ice beast
  2525 | D:3      | Reached XP level 5. HP: 31/47 MP: 5/5
  2756 | D:3      | Reached skill level 5 in Fighting
  2756 | D:3      | Reached XP level 6. HP: 48/56 MP: 4/6
  3052 | D:4      | Reached skill level 5 in Axes
  3312 | D:4      | Reached skill level 5 in Armour
  3312 | D:4      | Reached skill level 5 in Shields
  3312 | D:4      | Reached XP level 7. HP: 56/61 MP: 7/7
  3355 | D:4      | Found an ornate altar of the Wu Jian Council.
  3407 | D:4      | Noticed an air elemental
  3409 | D:4      | Found a stormy altar of Qazlal.
  3412 | D:4      | Noticed a water elemental
  3412 | D:4      | Noticed a fire elemental
  3553 | D:4      | Found a staircase to the Ecumenical Temple.
  3700 | Temple   | Entered the Ecumenical Temple
  3821 | D:5      | Entered Level 5 of the Dungeon
  3917 | D:5      | Found Reiq's Armour Boutique.
  3958 | D:5      | Found a broken altar of Ashenzari.
  4028 | D:5      | HP: 2/62 [poisoned by a scorpion]
  4028 | D:5      | Slain by a scorpion

Illustrated notes

Levels and vault maps discovered:
D:1:      psy_arrival_basics, layout_loops_ring
D:2:      minmay_alternating_diamond, layout_loops_ring, basic_ecumenical_altar
D:3:      layout_basic, nicolae_gozag_seed_capital
D:4:      layout_rooms, nicolae_qazlal_style_of_elements, amcnicky_altar_gilded,
          temple_pool_b
D:5:      layout_cave_pools, cheibrodos_ashenzari_chains,
          nicolae_take_the_stairs
Temple:   regret_index_temple_waves

Skill      XL: |  1  2  3  4  5  6 |
---------------+-------------------+-----
Axes           | 3 4 5 |  5.4
Fighting       | 4 5 |  5.7
Shields        | 4 5 |  5.2
Armour         | 4 5 |  5.1

Action                   |  1- 3 |  4- 6 |  7- 9 || total
-------------------------+-------+-------+-------++-------
Melee: War axe           |   145 |    98 |    40 ||   283
  Use: Scroll            |     6 |     2 |     1 ||     9
Armor: Scale mail        |    68 |       |       ||    68
       Chain mail        |    21 |    55 |    19 ||    95
Dodge: Dodged            |    53 |    32 |    18 ||   103
Block: Kite shield       |    83 |    54 |    29 ||   166
